 Dungeon Crawl Stone Soup version 0.29.0-4-gdea44cf6ec (webtiles) character file.

Game seed: 6024063953235879882

21784 qw the Brawler (level 12, 0/114 HPs)
             Began as a Troll Cinder Acolyte on Sept 2, 2022.
             Was an Initiate of Okawaru.
             Slain by a culicivora (17 damage)
             ... on level 3 of the Lair of Beasts.
             The game lasted 00:06:51 (11551 turns).

qw the Brawler (Troll Cinder Acolyte)              Turns: 11551, Time: 00:06:51

Health: 0/114      AC: 13    Str: 29    XL:     12   Next: 57%
Magic:  12/12      EV: 12    Int: 10    God:    Okawaru [......]
Gold:   789        SH:  9    Dex:  5    Spells: 13/13 levels left

rFire   . . .      SeeInvis +     - Unarmed
rCold   . . .      Faith    .   c - +0 kite shield
rNeg    . . .      Spirit   .   a - +4 swamp dragon scales
rPois   +          Reflect  .   (helmet restricted)
rElec   .          Harm     .   b - scarf {repulsion}
rCorr   .          Rampage  .   (gloves unavailable)
Will    .....                   (boots unavailable)
Stlth   ..........              h - amulet of the acrobat
HPRegen 1.09/turn               g - ring of see invisible
MPRegen 0.13/turn               i - +4 ring of evasion

@: about to teleport, marked, repel missiles, fire susceptible
A: large, unfitting armour, claws 3, regeneration 1, shaggy fur 1, tough skin 1
a: Renounce Religion


You were on level 3 of the Lair of Beasts.
You worshipped Okawaru.
Okawaru was noncommittal.
You visited 3 branches of the dungeon, and saw 15 of its levels.

You collected 789 gold pieces.


Innate Abilities, Weirdness & Mutations

You are too large for most types of armour.
You have claws for hands.
Your natural rate of healing is unusually fast.
You are covered in fur. (AC +1)
You have tough skin. (AC +1)


   Skills:
 - Level 6.0 Fighting
 + Level 3.7 Throwing
 - Level 3.0 Armour
 - Level 1.1 Dodging
 - Level 11.0 Shields
 - Level 15.2 Unarmed Combat
 - Level 1.0 Spellcasting
 - Level 2.1 Fire Magic


You had 13 spell levels left.
You didn't know any spells.
Your spell library contained the following spells:

 Spells                   Type           Power      Damage    Failure   Level
 Scorch                   Fire           8%         2d5       50%         2

Inventory:

Missiles
 f - 3 boomerangs
 m - 2 large rocks (quivered)
Armour
 a - +4 swamp dragon scales (worn)
 b - a scarf of repulsion (worn)
 c - a +0 kite shield (worn)
Jewellery
 g - a ring of see invisible (left claw)
 h - an amulet of the acrobat (around neck)
 i - a +4 ring of evasion (right claw)
 l - a +6 ring of strength
Scrolls
 d - 7 scrolls of identify
Potions
 e - 2 potions of haste
 j - a potion of mutation
 k - 2 potions of might
 o - 2 potions of curing

Dungeon Overview and Level Annotations

Branches:
Dungeon (11/15)            Temple (1/1) D:5            Lair (3/5) D:9
  Swamp (0/4) Lair:3          Orc (0/2) D:9
  Snake: Lair:2-3    Spider: Lair:2-3

Altars:
Ashenzari
Cheibriados
Dithmenos
Hepliaklqana
Kikubaaqudgha
Makhleb
Nemelex Xobeh
Okawaru
Qazlal
Ru
Uskayaw
Vehumet
Wu Jian
Xom
Yredelemnul
Zin
The Shining One

Shops:
D:5 [

Annotations:
D:6 1 transporter


Message History

The culicivora's wounds heal themselves!
The culicivora closely misses you. The culicivora misses you.
You mangle the culicivora!!
The culicivora is severely wounded.
The culicivora bites you!
The culicivora draws strength from your injuries!
The culicivora bites you!
The culicivora draws strength from your injuries!
The culicivora bites you!
The culicivora draws strength from your injuries!
The culicivora bites you!
The culicivora draws strength from your injuries!
You block the culicivora's attack. The culicivora closely misses you.
The culicivora bites you but does no damage.
You closely miss the culicivora.
The culicivora is heavily wounded.
The culicivora bites you!
The culicivora draws strength from your injuries!
The culicivora is healed somewhat.
The culicivora's wounds heal themselves!
The culicivora barely misses you.
You mangle the culicivora!!
The culicivora is heavily wounded.
The culicivora bites you!
The culicivora draws strength from your injuries!
The culicivora bites you but does no damage.
The culicivora barely misses you. You block the culicivora's attack.
The culicivora bites you!
The culicivora draws strength from your injuries!
You closely miss the culicivora.
The culicivora is lightly wounded.
The culicivora's wounds heal themselves!
The culicivora closely misses you. You block the culicivora's attack.
The culicivora bites you!
The culicivora draws strength from your injuries!
11551 ||| READING scroll of teleportation.
As you read the scroll of teleportation, it crumbles to dust.
You feel strangely unstable. The culicivora bites you!
You die...

#...# ##..#P.......
##.###.%.##.......##
#..# #... ###......#
##.##%... ##....%.
#.##.....# #.##....
#.#...#.. #####...
##.####.## #...
#..#s....# #...
##.@s.# #... #.ss#.#
#..#. #..#...#
#.#.#. #####.#..
##..#. #.# ....( #..
.#. ..# ## .. #


You could see 4 culicivoras.

Vanquished Creatures
  2 hydras (Lair:3)
  A boulder beetle (Lair:3)
  2 two-headed ogres
  A cyclops (D:11)
  A black mamba (Lair:1)
  Joseph (D:7)
  Maggie (D:7)
  6 elephants (Lair:2)
  4 cane toads
  An unseen horror (D:11)
  2 rime drakes
  6 komodo dragons
  A troll (D:11)
  A polar bear (Lair:2)
  A hornet (D:7)
  7 blink frogs (Lair:2)
  3 wyverns (D:9)
  15 yaks
  5 basilisks
  An acid dragon (D:9)
  12 water moccasins
  5 orc warriors (D:9)
  A swamp drake (Lair:3)
  3 ice beasts
  2 sky beasts (D:7)
  2 ogres (D:4)
  9 wolves
  4 centaurs
  A kobold brigand (D:7)
  13 bullfrogs
  A gnoll sergeant (D:8)
  4 scorpions
  2 necrophages (D:7)
  5 wights (D:6)
  8 howler monkeys
  3 hounds
  A jelly (D:5)
  9 orc priests
  Terence (D:3)
  5 iguanas
  19 orc wizards
  5 adders
  12 gnolls
  A river rat (Lair:2)
  2 shadow imps
  3 white imps
  2 ufetubi (D:4)
  8 dart slugs
  48 orcs
  7 ball pythons
  6 endoplasms
  4 giant cockroaches
  6 goblins
  4 hobgoblins
  4 jackals
  5 quokkas
  5 bats (D:1)
  4 frilled lizards
  12 kobolds
  10 rats
320 creatures vanquished.

Vanquished Creatures (others)
  5 bushes (D:6)
  16 fungi
  15 plants
36 creatures vanquished.

Grand Total: 356 creatures vanquished

Notes
Turn   | Place    | Note
-------+----------+-------------------------------------------
     0 | D:1      | qw the Troll Cinder Acolyte began the quest for the Orb.
     0 | D:1      | Reached XP level 1. HP: 22/22 MP: 1/1
     0 | D:1      | 0 ||| qw: Version: 0.1-a-97-g2dd2ca4
     0 | D:1      | 0 ||| qw: Game counter: 4902
     0 | D:1      | 0 ||| qw: Always use a shield: true
     0 | D:1      | 0 ||| qw: God list: Okawaru
     0 | D:1      | 0 ||| qw: Allow faded altars: false
     0 | D:1      | 0 ||| qw: Do Orc after D:15 true
     0 | D:1      | 0 ||| qw: Do second Lair branch before Depths: true
     0 | D:1      | 0 ||| qw: Lair rune preference: random
     0 | D:1      | 0 ||| qw: Plans: Normal
     0 | D:1      | 0 ||| PLANNING D:1-11
    87 | D:1      | 87 ||| Stepping ~*~*~tactically~*~*~ (stealth).
   140 | D:1      | Reached XP level 2. HP: 29/29 MP: 2/2
   241 | D:1      | 241 ||| Stepping ~*~*~tactically~*~*~ (hiding).
   242 | D:1      | 242 ||| Stepping ~*~*~tactically~*~*~ (hiding).
   399 | D:1      | Reached skill level 4 in Unarmed Combat
   403 | D:1      | Found a faded altar of an unknown god.
   526 | D:1      | 526 ||| Stepping ~*~*~tactically~*~*~ (hiding).
   537 | D:1      | Reached XP level 3. HP: 36/36 MP: 3/3
   649 | D:1      | 649 ||| Stepping ~*~*~tactically~*~*~ (hiding).
   717 | D:1      | 717 ||| UPGRADING to +6 ring of strength.
   718 | D:1      | 718 ||| DROPPING ring of flight.
   719 | D:1      | 719 ||| READING scroll labelled RASUEN XAU.
   720 | D:1      | 720 ||| READING 2 scrolls labelled IHIBBO NAATTOJIV.
   721 | D:1      | 721 ||| READING scroll labelled DUWNOI POSUID.
   724 | D:1      | 724 ||| DROPPING scroll of fear.
   761 | D:2      | 761 ||| INVOKING Fiery Armour.
   765 | D:2      | 765 ||| Stepping ~*~*~tactically~*~*~ (stealth).
   767 | D:2      | 767 ||| Stepping ~*~*~tactically~*~*~ (outnumbered).
   768 | D:2      | 768 ||| Stepping ~*~*~tactically~*~*~ (outnumbered).
   769 | D:2      | 769 ||| Stepping ~*~*~tactically~*~*~ (outnumbered).
   772 | D:2      | 772 ||| Stepping ~*~*~tactically~*~*~ (outnumbered).
   783 | D:2      | Reached XP level 4. HP: 43/44 MP: 4/4
   788 | D:2      | 788 ||| Stepping ~*~*~tactically~*~*~ (stealth).
   791 | D:2      | 791 ||| Stepping ~*~*~tactically~*~*~ (hiding).
   801 | D:2      | Reached skill level 5 in Unarmed Combat
  1383 | D:2      | 1383 ||| READING 3 scrolls labelled XUESCH NEALU.
  1384 | D:2      | 1384 ||| READING scroll labelled KUZXACRAU.
  1402 | D:3      | 1402 ||| Stepping ~*~*~tactically~*~*~ (hiding).
  1407 | D:3      | 1407 ||| Stepping ~*~*~tactically~*~*~ (hiding).
  1463 | D:3      | Found a glowing silver altar of Zin.
  1555 | D:3      | Noticed Terence
  1556 | D:3      | 1556 ||| Stepping ~*~*~tactically~*~*~ (stealth).
  1585 | D:3      | 1585 ||| Stepping ~*~*~tactically~*~*~ (outnumbered).
  1586 | D:3      | 1586 ||| Stepping ~*~*~tactically~*~*~ (outnumbered).
  1587 | D:3      | 1587 ||| Stepping ~*~*~tactically~*~*~ (outnumbered).
  1588 | D:3      | 1588 ||| INVOKING Fiery Armour.
  1588 | D:3      | HP: 11/44 [Terence/+1 morningstar of protection (3)]
  1589 | D:3      | 1589 ||| Stepping ~*~*~tactically~*~*~ (outnumbered).
  1590 | D:3      | Killed Terence
  1679 | D:3      | 1679 ||| FLEEEEING.
  1698 | D:3      | 1698 ||| Stepping ~*~*~tactically~*~*~ (stealth).
  2070 | D:3      | Reached XP level 5. HP: 47/50 MP: 5/5
  2096 | D:3      | 2096 ||| READING scroll labelled ONKUTE DYWKAO.
  2097 | D:3      | 2097 ||| READING scroll labelled CEBAUT NAUNWU.
  2098 | D:3      | 2098 ||| DRINKING 2 metallic yellow potions.
  2099 | D:3      | 2099 ||| READING 4 scrolls of identify.
  2099 | D:3      | 2099 ||| IDENTIFYING coppery potion
  2100 | D:3      | 2100 ||| READING 3 scrolls of identify.
  2100 | D:3      | 2100 ||| IDENTIFYING grey potion
  2101 | D:3      | 2101 ||| READING 2 scrolls of identify.
  2101 | D:3      | 2101 ||| IDENTIFYING ruby potion
  2102 | D:3      | 2102 ||| DROPPING potion of flight.
  2103 | D:3      | 2103 ||| DROPPING potion of magic.
  2104 | D:3      | 2104 ||| DROPPING potion of invisibility.
  2136 | D:4      | Identified the +2 leather armour of the Trees {-Tele rC+++
                  | Str+2 Slay+4}
  2138 | D:4      | Noticed an ogre
  2145 | D:4      | Killed an ogre
  2146 | D:4      | Reached skill level 6 in Unarmed Combat
  2241 | D:4      | Noticed an ogre
  2243 | D:4      | 2243 ||| Stepping ~*~*~tactically~*~*~ (stealth).
  2248 | D:4      | 2248 ||| INVOKING Fiery Armour.
  2250 | D:4      | 2250 ||| Stepping ~*~*~tactically~*~*~ (stealth).
  2250 | D:4      | HP: 11/50 [ogre/+0 giant club (7)]
  2250 | D:4      | Killed an ogre
  2251 | D:4      | Reached skill level 7 in Unarmed Combat
  2251 | D:4      | Reached XP level 6. HP: 15/59 MP: 6/6
  2315 | D:4      | 2315 ||| Stepping ~*~*~tactically~*~*~ (stealth).
  2317 | D:4      | 2317 ||| Stepping ~*~*~tactically~*~*~ (stealth).
  2481 | D:4      | 2481 ||| Stepping ~*~*~tactically~*~*~ (hiding).
  2637 | D:4      | Found a basalt altar of Yredelemnul.
  2812 | D:4      | Reached skill level 8 in Unarmed Combat
  2812 | D:4      | Reached XP level 7. HP: 65/66 MP: 7/7
  2861 | D:4      | Found a broken altar of Ashenzari.
  2861 | D:4      | Found a hazy altar of Hepliaklqana.
  2970 | D:4      | 2970 ||| UPGRADING to amulet of guardian spirit.
  2975 | D:4      | 2975 ||| UPGRADING to +4 ring of evasion.
  2976 | D:4      | 2976 ||| READING scroll labelled JOLIRYUPNU.
  3077 | D:4      | 3077 ||| READING 2 scrolls labelled FAOGAKU WAOMOU.
  3078 | D:4      | 3078 ||| READING scroll labelled WUDEOSHEOR.
  3079 | D:4      | 3079 ||| DROPPING scroll of blinking.
  3093 | D:5      | Entered Level 5 of the Dungeon
  3095 | D:5      | 3095 ||| STAIRDANCE
  3140 | D:5      | 3140 ||| STAIRDANCE
  3415 | D:5      | Reached skill level 3 in Fighting
  4005 | D:5      | 4005 ||| FLEEEEING.
  4006 | D:5      | 4006 ||| FLEEEEING.
  4007 | D:5      | 4007 ||| FLEEEEING.
  4008 | D:5      | 4008 ||| FLEEEEING.
  4009 | D:5      | 4009 ||| FLEEEEING.
  4010 | D:5      | 4010 ||| FLEEEEING.
  4011 | D:5      | 4011 ||| FLEEEEING.
  4012 | D:5      | 4012 ||| FLEEEEING.
  4013 | D:5      | 4013 ||| FLEEEEING.
  4014 | D:5      | 4014 ||| FLEEEEING.
  4015 | D:5      | 4015 ||| FLEEEEING.
  4016 | D:5      | 4016 ||| FLEEEEING.
  4017 | D:5      | 4017 ||| FLEEEEING.
  4018 | D:5      | 4018 ||| FLEEEEING.
  4019 | D:5      | 4019 ||| FLEEEEING.
  4020 | D:5      | 4020 ||| FLEEEEING.
  4021 | D:5      | 4021 ||| FLEEEEING.
  4022 | D:5      | 4022 ||| STAIRDANCE
  4124 | D:4      | 4124 ||| UPGRADING to ring of see invisible.
  4126 | D:4      | 4126 ||| DRINKING 2 fuming golden potions.
  4198 | D:5      | 4198 ||| Stepping ~*~*~tactically~*~*~ (stealth).
  4205 | D:5      | 4205 ||| Stepping ~*~*~tactically~*~*~ (stealth).
  4212 | D:5      | Found a staircase to the Ecumenical Temple.
  4232 | D:5      | Found Leero's Antique Armour Shop.
  4257 | D:5      | 4257 ||| SHOPLISTING fire dragon scales (1560 gold, have
                  | 264).
  4566 | D:6      | Reached skill level 9 in Unarmed Combat
  4580 | D:6      | 4580 ||| Stepping ~*~*~tactically~*~*~ (hiding).
  4582 | D:6      | 4582 ||| Stepping ~*~*~tactically~*~*~ (hiding).
  4597 | D:6      | 4597 ||| Stepping ~*~*~tactically~*~*~ (outnumbered).
  4609 | D:6      | Reached skill level 1 in Dodging
  4647 | D:6      | Reached XP level 8. HP: 43/75 MP: 5/8
  4795 | D:6      | 4795 ||| Stepping ~*~*~tactically~*~*~ (stealth).
  4803 | D:6      | 4803 ||| Stepping ~*~*~tactically~*~*~ (outnumbered).
  4810 | D:6      | 4810 ||| INVOKING Fiery Armour.
  4827 | D:6      | Reached skill level 10 in Unarmed Combat
  4837 | D:6      | HP: 13/75 [wight/+3 halberd (9)]
  4838 | D:6      | 4838 ||| READING scroll of teleportation.
  4921 | D:6      | 4921 ||| Stepping ~*~*~tactically~*~*~ (stealth).
  5017 | D:6      | Found a sparkling altar of Nemelex Xobeh.
  5017 | D:6      | Found a transporter.
  5211 | D:6      | 5211 ||| UPGRADING to +2 robe of willpower.
  5221 | D:6      | 5221 ||| DROPPING +0 robe.
  5222 | D:6      | 5222 ||| DRINKING 2 puce potions.
  5223 | D:6      | 5223 ||| DRINKING 2 orange potions.
  5224 | D:6      | 5224 ||| DRINKING 2 bubbling golden potions.
  5263 | D:6      | 5263 ||| DROPPING potion of attraction.
  5264 | D:6      | 5264 ||| DROPPING potion of lignification.
  5306 | D:7      | Noticed Joseph
  5316 | D:7      | 5316 ||| INVOKING Fiery Armour.
  5318 | D:7      | Killed Joseph
  5319 | D:7      | Reached skill level 11 in Unarmed Combat
  5364 | D:7      | 5364 ||| Stepping ~*~*~tactically~*~*~ (stealth).
  5373 | D:7      | Found a sacrificial altar of Ru.
  5416 | D:7      | Reached XP level 9. HP: 84/84 MP: 9/9
  5459 | D:7      | Noticed an ice statue
  5460 | D:7      | 5460 ||| INVOKING Fiery Armour.
  5463 | D:7      | 5463 ||| Stepping ~*~*~tactically~*~*~ (outnumbered).
  5464 | D:7      | 5464 ||| Stepping ~*~*~tactically~*~*~ (outnumbered).
  5465 | D:7      | 5465 ||| Stepping ~*~*~tactically~*~*~ (outnumbered).
  5466 | D:7      | 5466 ||| Stepping ~*~*~tactically~*~*~ (outnumbered).
  5467 | D:7      | 5467 ||| Stepping ~*~*~tactically~*~*~ (outnumbered).
  5470 | D:7      | 5470 ||| Stepping ~*~*~tactically~*~*~ (outnumbered).
  5471 | D:7      | 5471 ||| Stepping ~*~*~tactically~*~*~ (outnumbered).
  5472 | D:7      | 5472 ||| Stepping ~*~*~tactically~*~*~ (outnumbered).
  5473 | D:7      | 5473 ||| Stepping ~*~*~tactically~*~*~ (outnumbered).
  5475 | D:7      | 5475 ||| Stepping ~*~*~tactically~*~*~ (outnumbered).
  5477 | D:7      | 5477 ||| Stepping ~*~*~tactically~*~*~ (outnumbered).
  5478 | D:7      | 5478 ||| Stepping ~*~*~tactically~*~*~ (outnumbered).
  5479 | D:7      | 5479 ||| Stepping ~*~*~tactically~*~*~ (outnumbered).
  5480 | D:7      | 5480 ||| Stepping ~*~*~tactically~*~*~ (outnumbered).
  5484 | D:7      | 5484 ||| Stepping ~*~*~tactically~*~*~ (outnumbered).
  5575 | D:7      | Noticed Maggie
  5576 | D:7      | 5576 ||| Stepping ~*~*~tactically~*~*~ (hiding).
  5577 | D:7      | 5577 ||| Stepping ~*~*~tactically~*~*~ (hiding).
  5595 | D:7      | Killed Maggie
  5603 | D:7      | 5603 ||| Stepping ~*~*~tactically~*~*~ (hiding).
  5607 | D:7      | 5607 ||| INVOKING Fiery Armour.
  5608 | D:7      | 5608 ||| Stepping ~*~*~tactically~*~*~ (outnumbered).
  5613 | D:7      | Reached skill level 12 in Unarmed Combat
  5638 | D:7      | 5638 ||| Stepping ~*~*~tactically~*~*~ (stealth).
  5769 | D:7      | 5769 ||| Stepping ~*~*~tactically~*~*~ (hiding).
  6047 | D:7      | 6047 ||| Stepping ~*~*~tactically~*~*~ (stealth).
  6049 | D:7      | 6049 ||| Stepping ~*~*~tactically~*~*~ (stealth).
  6092 | D:7      | 6092 ||| FLEEEEING.
  6093 | D:7      | 6093 ||| FLEEEEING.
  6094 | D:7      | 6094 ||| FLEEEEING.
  6095 | D:7      | 6095 ||| FLEEEEING.
  6097 | D:7      | 6097 ||| FLEEEEING.
  6098 | D:7      | 6098 ||| FLEEEEING.
  6099 | D:7      | 6099 ||| FLEEEEING.
  6100 | D:7      | 6100 ||| FLEEEEING.
  6101 | D:7      | 6101 ||| FLEEEEING.
  6102 | D:7      | 6102 ||| FLEEEEING.
  6104 | D:7      | 6104 ||| STAIRDANCE
  6133 | D:6      | 6133 ||| UPGRADING to +0 swamp dragon scales.
  6143 | D:6      | 6143 ||| DROPPING +2 robe of willpower.
  6144 | D:6      | 6144 ||| READING 3 scrolls of enchant armour.
  6144 | D:6      | 6144 ||| ENCHANTING +0 swamp dragon scales.
  6145 | D:6      | 6145 ||| READING 2 scrolls of enchant armour.
  6145 | D:6      | 6145 ||| ENCHANTING +1 swamp dragon scales.
  6146 | D:6      | 6146 ||| READING scroll of enchant armour.
  6146 | D:6      | 6146 ||| ENCHANTING +2 swamp dragon scales.
  6147 | D:6      | 6147 ||| READING 2 scrolls of identify.
  6147 | D:6      | 6147 ||| IDENTIFYING smoky green potion
  6148 | D:6      | 6148 ||| DROPPING potion of degeneration.
  6195 | D:7      | Reached skill level 1 in Armour
  6325 | D:7      | 6325 ||| INVOKING Fiery Armour.
  6334 | D:7      | 6334 ||| Stepping ~*~*~tactically~*~*~ (cloud).
  6335 | D:7      | 6335 ||| Stepping randomly (stuck).
  6336 | D:7      | 6336 ||| Stepping ~*~*~tactically~*~*~ (cloud).
  6337 | D:7      | 6337 ||| Stepping ~*~*~tactically~*~*~ (cloud).
  6340 | D:7      | 6340 ||| Stepping ~*~*~tactically~*~*~ (cloud).
  6342 | D:7      | 6342 ||| FLEEEEING.
  6343 | D:7      | 6343 ||| FLEEEEING.
  6344 | D:7      | 6344 ||| FLEEEEING.
  6345 | D:7      | 6345 ||| FLEEEEING.
  6346 | D:7      | 6346 ||| FLEEEEING.
  6347 | D:7      | 6347 ||| FLEEEEING.
  6348 | D:7      | 6348 ||| FLEEEEING.
  6349 | D:7      | 6349 ||| FLEEEEING.
  6350 | D:7      | 6350 ||| FLEEEEING.
  6387 | D:8      | 6387 ||| Stepping ~*~*~tactically~*~*~ (hiding).
  6596 | D:8      | You fall into a shaft and drop 3 floors!
  6613 | D:11     | Noticed a two-headed ogre
  6614 | D:11     | 6614 ||| Stepping ~*~*~tactically~*~*~ (stealth).
  6625 | D:11     | Killed a two-headed ogre
  6625 | D:11     | Noticed a troll
  6626 | D:11     | Reached skill level 13 in Unarmed Combat
  6626 | D:11     | Reached XP level 10. HP: 89/96 MP: 8/10
  6695 | D:11     | 6695 ||| Stepping ~*~*~tactically~*~*~ (hiding).
  6706 | D:11     | 6706 ||| Stepping ~*~*~tactically~*~*~ (hiding).
  6710 | D:11     | 6710 ||| Stepping ~*~*~tactically~*~*~ (hiding).
  6711 | D:11     | 6711 ||| Stepping ~*~*~tactically~*~*~ (hiding).
  6712 | D:11     | 6712 ||| Stepping ~*~*~tactically~*~*~ (hiding).
  6835 | D:11     | 6835 ||| Stepping ~*~*~tactically~*~*~ (outnumbered).
  6836 | D:11     | 6836 ||| Stepping ~*~*~tactically~*~*~ (outnumbered).
  6837 | D:11     | 6837 ||| Stepping ~*~*~tactically~*~*~ (outnumbered).
  6838 | D:11     | 6838 ||| Stepping ~*~*~tactically~*~*~ (outnumbered).
  6839 | D:11     | 6839 ||| Stepping ~*~*~tactically~*~*~ (outnumbered).
  6840 | D:11     | 6840 ||| Stepping ~*~*~tactically~*~*~ (outnumbered).
  6841 | D:11     | 6841 ||| Stepping ~*~*~tactically~*~*~ (outnumbered).
  6842 | D:11     | 6842 ||| Stepping ~*~*~tactically~*~*~ (outnumbered).
  6843 | D:11     | 6843 ||| Stepping ~*~*~tactically~*~*~ (outnumbered).
  6844 | D:11     | 6844 ||| Stepping ~*~*~tactically~*~*~ (outnumbered).
  6845 | D:11     | 6845 ||| Stepping ~*~*~tactically~*~*~ (outnumbered).
  6846 | D:11     | 6846 ||| Stepping ~*~*~tactically~*~*~ (outnumbered).
  6944 | D:11     | Noticed a cyclops
  6951 | D:11     | Killed a cyclops
  6952 | D:11     | Reached skill level 14 in Unarmed Combat
  6988 | D:11     | 6988 ||| UPGRADING to +0 kite shield.
  6993 | D:11     | 6993 ||| READING 7 scrolls of identify.
  6993 | D:11     | 6993 ||| IDENTIFYING metallic puce potion
  6994 | D:11     | 6994 ||| READING 6 scrolls of identify.
  6994 | D:11     | 6994 ||| IDENTIFYING lumpy grey potion
  6995 | D:11     | 6995 ||| READING 5 scrolls of identify.
  6995 | D:11     | 6995 ||| IDENTIFYING bubbling inky potion
  6996 | D:11     | 6996 ||| DROPPING potion of brilliance.
  7005 | D:10     | Entered Level 10 of the Dungeon
  7115 | D:9      | 7115 ||| Stepping ~*~*~tactically~*~*~ (hiding).
  7120 | D:9      | Reached skill level 1 in Shields
  7125 | D:9      | Found a radiant altar of Vehumet.
  7139 | D:9      | 7139 ||| Stepping ~*~*~tactically~*~*~ (stealth).
  7146 | D:9      | 7146 ||| Stepping ~*~*~tactically~*~*~ (hiding).
  7183 | D:9      | 7183 ||| Stepping ~*~*~tactically~*~*~ (stealth).
  7184 | D:9      | 7184 ||| Stepping ~*~*~tactically~*~*~ (stealth).
  7191 | D:9      | 7191 ||| Stepping ~*~*~tactically~*~*~ (hiding).
  7240 | D:9      | Reached skill level 1 in Throwing
  7288 | D:9      | Found a shadowy altar of Dithmenos.
  7304 | D:9      | 7304 ||| Stepping ~*~*~tactically~*~*~ (hiding).
  7424 | D:9      | 7424 ||| Stepping ~*~*~tactically~*~*~ (hiding).
  7431 | D:9      | 7431 ||| Stepping ~*~*~tactically~*~*~ (outnumbered).
  7435 | D:9      | 7435 ||| Stepping ~*~*~tactically~*~*~ (hiding).
  7439 | D:9      | 7439 ||| Stepping ~*~*~tactically~*~*~ (outnumbered).
  7441 | D:9      | Reached skill level 3 in Shields
  7453 | D:9      | 7453 ||| Stepping ~*~*~tactically~*~*~ (hiding).
  7468 | D:9      | 7468 ||| Stepping ~*~*~tactically~*~*~ (stealth).
  7472 | D:9      | 7472 ||| Stepping ~*~*~tactically~*~*~ (stealth).
  7473 | D:9      | 7473 ||| Stepping ~*~*~tactically~*~*~ (stealth).
  7475 | D:9      | 7475 ||| Stepping ~*~*~tactically~*~*~ (hiding).
  7485 | D:9      | 7485 ||| Stepping ~*~*~tactically~*~*~ (stealth).
  7486 | D:9      | 7486 ||| Stepping ~*~*~tactically~*~*~ (stealth).
  7487 | D:9      | 7487 ||| Stepping ~*~*~tactically~*~*~ (stealth).
  7488 | D:9      | 7488 ||| Stepping ~*~*~tactically~*~*~ (stealth).
  7519 | D:9      | Found a staircase to the Orcish Mines.
  7529 | D:9      | 7529 ||| Stepping ~*~*~tactically~*~*~ (outnumbered).
  7530 | D:9      | 7530 ||| Stepping ~*~*~tactically~*~*~ (outnumbered).
  7547 | D:9      | 7547 ||| Stepping ~*~*~tactically~*~*~ (stealth).
  7584 | D:9      | Noticed a two-headed ogre
  7585 | D:9      | 7585 ||| Stepping ~*~*~tactically~*~*~ (stealth).
  7586 | D:9      | 7586 ||| Stepping ~*~*~tactically~*~*~ (stealth).
  7594 | D:9      | Killed a two-headed ogre
  7595 | D:9      | 7595 ||| INVOKING Fiery Armour.
  7916 | D:8      | 7916 ||| Stepping ~*~*~tactically~*~*~ (hiding).
  7936 | D:8      | 7936 ||| Stepping ~*~*~tactically~*~*~ (hiding).
  8331 | D:8      | 8331 ||| Stepping ~*~*~tactically~*~*~ (hiding).
  8332 | D:8      | 8332 ||| Stepping ~*~*~tactically~*~*~ (hiding).
  8400 | D:8      | 8400 ||| READING scroll labelled AFEIRGHAENI.
  8413 | D:9      | Found a staircase to the Lair.
  8432 | D:9      | 8432 ||| Stepping ~*~*~tactically~*~*~ (stealth).
  8434 | D:9      | 8434 ||| Stepping ~*~*~tactically~*~*~ (stealth).
  8438 | D:9      | 8438 ||| Stepping ~*~*~tactically~*~*~ (outnumbered).
  8441 | D:9      | 8441 ||| Stepping ~*~*~tactically~*~*~ (outnumbered).
  8443 | D:9      | 8443 ||| Stepping ~*~*~tactically~*~*~ (outnumbered).
  8444 | D:9      | 8444 ||| Stepping ~*~*~tactically~*~*~ (outnumbered).
  8447 | D:9      | 8447 ||| Stepping ~*~*~tactically~*~*~ (outnumbered).
  8451 | D:9      | Reached skill level 6 in Shields
  8455 | D:9      | Reached XP level 11. HP: 102/104 MP: 9/11
  8462 | D:9      | Reached skill level 3 in Throwing
  8698 | D:9      | 8698 ||| Stepping ~*~*~tactically~*~*~ (stealth).
  8838 | D:9      | 8838 ||| Stepping ~*~*~tactically~*~*~ (stealth).
  8868 | D:9      | 8868 ||| Stepping ~*~*~tactically~*~*~ (outnumbered).
  8869 | D:9      | 8869 ||| Stepping ~*~*~tactically~*~*~ (hiding).
  8874 | D:9      | 8874 ||| Stepping ~*~*~tactically~*~*~ (outnumbered).
  8921 | D:9      | 8921 ||| PLANNING LAIR
  8942 | Lair:1   | Entered Level 1 of the Lair of Beasts
  9059 | Lair:1   | 9059 ||| Stepping ~*~*~tactically~*~*~ (hiding).
  9102 | Lair:1   | 9102 ||| Stepping ~*~*~tactically~*~*~ (stealth).
  9103 | Lair:1   | 9103 ||| Stepping ~*~*~tactically~*~*~ (stealth).
  9168 | Lair:1   | 9168 ||| Stepping ~*~*~tactically~*~*~ (stealth).
  9169 | Lair:1   | 9169 ||| Stepping ~*~*~tactically~*~*~ (stealth).
  9172 | Lair:1   | 9172 ||| Stepping ~*~*~tactically~*~*~ (stealth).
  9173 | Lair:1   | 9173 ||| Stepping ~*~*~tactically~*~*~ (stealth).
  9175 | Lair:1   | 9175 ||| Stepping ~*~*~tactically~*~*~ (stealth).
  9210 | Lair:1   | 9210 ||| Stepping ~*~*~tactically~*~*~ (outnumbered).
  9212 | Lair:1   | 9212 ||| INVOKING Fiery Armour.
  9222 | Lair:1   | 9222 ||| Stepping ~*~*~tactically~*~*~ (outnumbered).
  9223 | Lair:1   | 9223 ||| Stepping ~*~*~tactically~*~*~ (outnumbered).
  9224 | Lair:1   | 9224 ||| Stepping ~*~*~tactically~*~*~ (outnumbered).
  9225 | Lair:1   | 9225 ||| Stepping ~*~*~tactically~*~*~ (outnumbered).
  9230 | Lair:1   | 9230 ||| Stepping ~*~*~tactically~*~*~ (outnumbered).
  9231 | Lair:1   | 9231 ||| Stepping ~*~*~tactically~*~*~ (outnumbered).
  9232 | Lair:1   | 9232 ||| Stepping ~*~*~tactically~*~*~ (outnumbered).
  9233 | Lair:1   | 9233 ||| Stepping ~*~*~tactically~*~*~ (outnumbered).
  9234 | Lair:1   | 9234 ||| Stepping ~*~*~tactically~*~*~ (outnumbered).
  9235 | Lair:1   | 9235 ||| Stepping ~*~*~tactically~*~*~ (outnumbered).
  9236 | Lair:1   | 9236 ||| Stepping ~*~*~tactically~*~*~ (outnumbered).
  9239 | Lair:1   | 9239 ||| Stepping ~*~*~tactically~*~*~ (outnumbered).
  9240 | Lair:1   | 9240 ||| Stepping ~*~*~tactically~*~*~ (outnumbered).
  9241 | Lair:1   | 9241 ||| Stepping ~*~*~tactically~*~*~ (outnumbered).
  9242 | Lair:1   | 9242 ||| Stepping ~*~*~tactically~*~*~ (outnumbered).
  9243 | Lair:1   | 9243 ||| Stepping ~*~*~tactically~*~*~ (outnumbered).
  9244 | Lair:1   | 9244 ||| Stepping ~*~*~tactically~*~*~ (outnumbered).
  9245 | Lair:1   | 9245 ||| Stepping ~*~*~tactically~*~*~ (outnumbered).
  9246 | Lair:1   | 9246 ||| Stepping ~*~*~tactically~*~*~ (outnumbered).
  9247 | Lair:1   | 9247 ||| Stepping ~*~*~tactically~*~*~ (outnumbered).
  9248 | Lair:1   | 9248 ||| Stepping ~*~*~tactically~*~*~ (outnumbered).
  9249 | Lair:1   | 9249 ||| Stepping ~*~*~tactically~*~*~ (outnumbered).
  9250 | Lair:1   | 9250 ||| Stepping ~*~*~tactically~*~*~ (outnumbered).
  9370 | Lair:1   | 9370 ||| Stepping ~*~*~tactically~*~*~ (hiding).
  9390 | Lair:1   | 9390 ||| Stepping ~*~*~tactically~*~*~ (outnumbered).
  9463 | Lair:1   | 9463 ||| Stepping ~*~*~tactically~*~*~ (stealth).
  9466 | Lair:1   | 9466 ||| Stepping ~*~*~tactically~*~*~ (hiding).
  9468 | Lair:1   | 9468 ||| Stepping ~*~*~tactically~*~*~ (hiding).
  9580 | Lair:1   | Reached skill level 9 in Shields
  9819 | Lair:1   | 9819 ||| READING 6 scrolls of identify.
  9819 | Lair:1   | 9819 ||| IDENTIFYING purple potion
  9838 | Lair:2   | 9838 ||| Stepping ~*~*~tactically~*~*~ (stealth).
  9839 | Lair:2   | 9839 ||| INVOKING Fiery Armour.
  9855 | Lair:2   | 9855 ||| Stepping ~*~*~tactically~*~*~ (outnumbered).
  9856 | Lair:2   | 9856 ||| Stepping ~*~*~tactically~*~*~ (outnumbered).
  9857 | Lair:2   | 9857 ||| Stepping ~*~*~tactically~*~*~ (outnumbered).
  9888 | Lair:2   | Reached skill level 6 in Fighting
  9896 | Lair:2   | HP: 24/105 [elephant (9)]
  9897 | Lair:2   | 9897 ||| DRINKING potion of heal wounds.
  9899 | Lair:2   | Reached XP level 12. HP: 51/114 MP: 2/12
 10108 | Lair:2   | 10108 ||| READING scroll of enchant armour.
 10108 | Lair:2   | 10108 ||| ENCHANTING +3 swamp dragon scales.
 10110 | Lair:2   | 10110 ||| Stepping ~*~*~tactically~*~*~ (stealth).
 10240 | Lair:2   | 10240 ||| Stepping ~*~*~tactically~*~*~ (stealth).
 10241 | Lair:2   | 10241 ||| Stepping ~*~*~tactically~*~*~ (stealth).
 10250 | Lair:2   | 10250 ||| Stepping ~*~*~tactically~*~*~ (stealth).
 10275 | Lair:2   | 10275 ||| Stepping ~*~*~tactically~*~*~ (stealth).
 10395 | Lair:2   | Reached skill level 15 in Unarmed Combat
 10530 | Lair:2   | 10530 ||| Stepping ~*~*~tactically~*~*~ (stealth).
 10538 | Lair:2   | You fall into a shaft and drop 1 floor!
 10561 | Lair:3   | 10561 ||| Stepping ~*~*~tactically~*~*~ (stealth).
 10589 | Lair:3   | Noticed a boulder beetle
 10590 | Lair:3   | 10590 ||| INVOKING Fiery Armour.
 10624 | Lair:3   | Killed a boulder beetle
 10625 | Lair:3   | Reached skill level 3 in Armour
 10649 | Lair:3   | Noticed a six-headed hydra
 10656 | Lair:3   | Killed a nine-headed hydra
 10713 | Lair:3   | 10713 ||| PLANNING TEMPLE
 10734 | Lair:3   | 10734 ||| Stepping ~*~*~tactically~*~*~ (stealth).
 10735 | Lair:3   | 10735 ||| Stepping ~*~*~tactically~*~*~ (outnumbered).
 10748 | Lair:3   | Found a staircase to the Swamp.
 10773 | Lair:3   | 10773 ||| UPGRADING to scarf of repulsion.
 10956 | Temple   | Entered the Ecumenical Temple
 10957 | Temple   | 10957 ||| PLANNING CONVERSION TO OKAWARU
 10963 | Temple   | Fell from the grace of Ignis
 10963 | Temple   | Became a worshipper of Warmaster Okawaru
 10964 | Temple   | 10964 ||| PLANNING LAIR
 10964 | Temple   | 10964 ||| REMOVING amulet of guardian spirit.
 10969 | Temple   | 10969 ||| UPGRADING to amulet of the acrobat.
 10974 | Temple   | 10974 ||| DROPPING amulet of guardian spirit.
 11177 | Lair:2   | 11177 ||| Stepping ~*~*~tactically~*~*~ (stealth).
 11317 | Lair:3   | 11317 ||| Stepping ~*~*~tactically~*~*~ (hiding).
 11320 | Lair:3   | 11320 ||| DRINKING potion of cancellation.
 11444 | Lair:3   | Noticed a seven-headed hydra
 11445 | Lair:3   | 11445 ||| Stepping ~*~*~tactically~*~*~ (stealth).
 11450 | Lair:3   | Killed a nine-headed hydra
 11541 | Lair:3   | 11541 ||| Stepping ~*~*~tactically~*~*~ (hiding).
 11542 | Lair:3   | 11542 ||| Stepping ~*~*~tactically~*~*~ (hiding).
 11550 | Lair:3   | HP: 16/114 [culicivora (17)]
 11551 | Lair:3   | 11551 ||| READING scroll of teleportation.
 11551 | Lair:3   | Slain by a culicivora

Levels and vault maps discovered:
D:1:      giann_wishing_wells, layout_rooms, nicolae_ecumenical_lake_church
D:2:      layout_basic
D:3:      layout_loops_ring, zin_academy, uniq_terence
D:4:      layout_loops_ring, mainiacjoe_overflow_six_doors_small,
          mainiacjoe_overflow_divided_tiny
D:5:      layout_basic, minmay_temple_entry_statues_pillars, serial_shops,
          nicolae_shop_statue_plus
D:6:      layout_rooms, grunt_nemelex_the_gamble, minmay_hedge_maze
D:7:      lemuel_ice_statue, layout_basic, mainiacjoe_overflow_paths,
          minmay_misc_feat_doors, uniq_maggie, uniq_joseph
D:8:      layout_loops_corners, minmay_misc_feat_tower
D:9:      layout_irregular_city, nicolae_dithmenos_the_darkroom,
          lemuel_round_altar, lair_entry_dummy, hiddenorc2_lemuel
D:10:     layout_basic, introduction_to_nature_1
D:11:     layout_irregular_city, serial_column_ruins,
          column_ruins_columns_dead_end, column_ruins_grid_1,
          column_ruins_columns_water, column_ruins_open_tiny,
          column_ruins_columns_dead_end, column_ruins_corridor_straight,
          column_ruins_grid_3
Temple:   nicolae_temple_ecumenical_triangle
Lair:1:   layout_chaotic_city, serial_rivers, chequers_serial_rivers_large_a,
          chequers_serial_rivers_room_b, chequers_serial_rivers_small_b,
          chequers_serial_rivers_room_a, chequers_serial_rivers_room_a,
          infiniplex_staircase_pool_2
Lair:2:   layout_loops_ring, pond
Lair:3:   layout_loops_ring, minmay_swamp_entry_reptiles,
          hellmonk_spider_entry_life_and_decay

Skill      XL: |  1  2  3  4  5  6  7  8  9 10 11 12 |
---------------+-------------------------------------+-----
Unarmed Combat | 4 5 7 8 9 11 13 14 15 | 15.2
Fighting       | 3 4 5 6 |  6.0
Dodging        | 1 |  1.1
Armour         | 2 3 |  3.0
Shields        | 6 10 11 | 11.0
Throwing       | 2 3 |  3.7
Spellcasting   | |  1.0
Fire Magic     | |  2.1

Action                   |  1- 3 |  4- 6 |  7- 9 | 10-12 || total
-------------------------+-------+-------+-------+-------++-------
Melee: Unarmed           |    58 |    93 |   276 |   481 ||   908
       Punch             |     1 |     3 |    12 |     2 ||    18
Throw: Boomerang         |    17 |    38 |       |    37 ||    92
       Large rock        |       |       |       |    32 ||    32
Invok: Fiery Armour      |     1 |     2 |     5 |     4 ||    12
  Use: Scroll            |     3 |     7 |     8 |     7 ||    25
       Potion            |       |     1 |     4 |     2 ||     7
Armor: Robe              |    26 |    16 |    51 |       ||    93
       Swamp dragon scal |       |       |    15 |   187 ||   202
Dodge: Dodged            |    17 |    40 |   161 |   163 ||   381
Block: Kite shield       |       |       |       |   169 ||   169

Table legend:
 A = Non-vault XP
 B = Vault XP
 C = Vault XP percentage of total XP
 D = Non-vault monster count
 E = Vault monster count
 F = Vault count percentage of total count
                 A         B        C        D         E       F
            +---------+---------+-------+---------+---------+-------
      Total |   27741 |    3379 |  10.9 |     275 |      45 |  14.1
            +---------+---------+-------+---------+---------+-------
        D:1 |      48 |       0 |   0.0 |      27 |       0 |   0.0
        D:2 |      77 |       0 |   0.0 |      22 |       0 |   0.0
        D:3 |      35 |      38 |  52.1 |      13 |       1 |   7.1
        D:4 |     602 |       0 |   0.0 |      24 |       0 |   0.0
        D:5 |     311 |       0 |   0.0 |      17 |       0 |   0.0
        D:6 |    1000 |       0 |   0.0 |      21 |       0 |   0.0
        D:7 |    1554 |     888 |  36.4 |      20 |       2 |   9.1
        D:8 |     769 |       0 |   0.0 |      17 |       0 |   0.0
        D:9 |    3597 |     605 |  14.4 |      31 |      32 |  50.8
       D:10 |     103 |       0 |   0.0 |       2 |       0 |   0.0
       D:11 |    2370 |       0 |   0.0 |      15 |       0 |   0.0
     Lair:1 |    5573 |       0 |   0.0 |      26 |       0 |   0.0
     Lair:2 |    7033 |    1409 |  16.7 |      25 |       6 |  19.4
     Lair:3 |    4669 |     439 |   8.6 |      15 |       4 |  21.1
            +---------+---------+-------+---------+---------+-------
